 Dungeon Crawl Stone Soup version 0.30-a0-1008-g30c9307041 (webtiles) character file.

Game seed: 8562812359754009015

19 qeuew the Poker (level 2, -1/23 HPs)
             Began as a Merfolk Gladiator on Apr 5, 2023.
             Slain by Terence
             ... wielding a +0 falchion
              (6 damage)
             ... on level 2 of the Dungeon.
             The game lasted 00:01:25 (863 turns).

qeuew the Poker (Merfolk Gladiator)                  Turns: 863, Time: 00:01:25

Health: -1/23      AC:  4    Str: 14    XL:     2   Next: 75%
Magic:  2/2        EV: 13    Int:  7    God:
Gold:   91         SH:  0    Dex: 15    Spells: 1/1 levels left

rFire   + . .      SeeInvis .    a - +0 trident
rCold   . . .      Faith    .    (no shield)
rNeg    . . .      Spirit   .    b - +0 leather armour
rPois   .          Reflect  .    c - +0 helmet
rElec   .          Rampage  .    (no cloak)
rCorr   .                        (no gloves)
Will    .....                    (no boots)
Stlth   +                        (no amulet)
HPRegen 0.23/turn                (no ring)
MPRegen 0.08/turn                (no ring)

@: no status effects
A: (nimble swimmer 2), mertail, fire resistance 1, no potion heal 1, subdued
magic 2, devolution 1
a: no special abilities


You were on level 2 of the Dungeon.
You visited 1 branch of the dungeon, and saw 2 of its levels.

You collected 91 gold pieces.

Inventory:

Hand Weapons
 a - a +0 trident (weapon)
Missiles
 d - a throwing net (quivered)
 e - a javelin
Armour
 b - a +0 leather armour (worn)
 c - a +0 helmet (worn)
Scrolls
 g - a scroll of summoning {unknown}
 h - a scroll of teleportation {unknown}
Potions
 f - a potion of flight
 o - a potion of magic


   Skills:
 * Level 2.5 Fighting
 * Level 4.3 Polearms
 * Level 2.3 Throwing
 + Level 0.2 Armour
 * Level 4.2 Dodging


You had one spell level left.
You didn't know any spells.
Your spell library was empty.

Dungeon Overview and Level Annotations

Branches:
Dungeon (2/15)

Altars:
Okawaru

Shops:
D:1 ?   D:2 !

Annotations:
D:2 Terence


Innate Abilities, Weirdness & Mutations

((You are very nimble when in or above water. (Stealth+, EV+, Speed+++)))
Your lower body shifts to a powerful aquatic tail in water.
Your flesh is heat resistant. (rF+)
Potions are less effective at restoring your health.
Your spells are easier to cast, but less powerful.
You have hidden genetic defects.


Message History

You strike the helpless Terence from behind!
You hit Terence but do no damage.
Terence is heavily wounded.
Terence struggles against the net.
The net rips apart, and Terence comes free!
Throw: 2 throwing nets
Press: ? - help, Q - select action, (/) - cycle Shift-Dir - straight line, f/p - Terence
Aim: Terence, wielding a +0 falchion and wearing a +0 chain mail (heavily wounded, 68% to hit)
You throw a throwing net. The throwing net hits Terence.
Terence is caught in the net!
Terence is heavily wounded.
Terence struggles against the net.
You hit Terence.
Terence is severely wounded.
Terence struggles against the net.
You hit Terence.
Terence is severely wounded.
Terence looks scornfully at you.
Terence struggles against the net.
You hit Terence.
Terence is almost dead.
Terence struggles against the net.
You hit Terence but do no damage.
Terence is almost dead.
Terence struggles against the net.
The net rips apart, and Terence comes free!
You barely miss Terence.
Terence is almost dead.
Terence completely misses you.
You hit Terence.
Terence is almost dead.
Terence closely misses you.
You closely miss Terence.
Terence is almost dead.
Terence hits you with a +0 falchion.
* * * LOW HITPOINT WARNING * * *
You barely miss Terence. Your punch misses Terence.
Terence is almost dead.
Terence hits you with a +0 falchion.
You die...

..##.#.# ..##.#.#
.∩##.#.# ..##.#.#
####### .###.#.# #.....#
## .# #.#.# #.....###...
.###.#.# #.._......#
..##.#.###......#######.
#........#......@@...?..
..####...###.#.#########
### #.......#..#
#.#.#####.#.# #.#.#
.###.. #.#.# # #.# ...#.
.# #.# # #


You could see Terence.

Vanquished Creatures
  2 bats
  3 endoplasms
  3 giant cockroaches
  3 goblins (D:1)
  A hobgoblin (D:1)
  A quokka (D:2)
  2 ball pythons
  A frilled lizard (D:1)
  A rat (D:2)
17 creatures vanquished.

Notes
Turn   | Place    | Note
-------+----------+-------------------------------------------
     0 | D:1      | qeuew the Merfolk Gladiator began the quest for the Orb.
     0 | D:1      | Reached XP level 1. HP: 16/16 MP: 1/1
   178 | D:1      | Reached XP level 2. HP: 23/23 MP: 2/2
   235 | D:1      | Found Waqanor's Magic Scroll Boutique.
   572 | D:1      | Gained mutation: Your spells are a little easier to cast,
                  | but a little less powerful. [potion of mutation]
   576 | D:1      | Lost mutation: Your spells are a little easier to cast, but
                  | a little less powerful. [potion of mutation]
   576 | D:1      | Gained mutation: Potions are less effective at restoring
                  | your health. [potion of mutation]
   576 | D:1      | Gained mutation: You have hidden genetic defects. [potion
                  | of mutation]
   576 | D:1      | Gained mutation: Your spells are a little easier to cast,
                  | but a little less powerful. [potion of mutation]
   576 | D:1      | Gained mutation: Your flesh is heat resistant. (rF+)
                  | [potion of mutation]
   683 | D:2      | Found Zepeumu's Distillery.
   749 | D:2      | Gained mutation: Your spells are easier to cast, but less
                  | powerful. [hidden defects]
   835 | D:2      | Found an iron altar of Okawaru.
   839 | D:2      | Noticed Terence
   863 | D:2      | Slain by Terence

Illustrated notes

Levels and vault maps discovered:
D:1:      dpeg_arrival_three_bigger_balls, layout_loops_ring, serial_shops,
          shop_statue, hangedman_decor_points
D:2:      layout_loops_ring, serial_shops, shop, basic_altar,
          hangedman_glass_teeth, uniq_crazy_yiuf_cottage, uniq_terence

Action                     || total
---------------------------++-------
  Melee: Trident           ||    55
         Punch             ||     1
  Throw: Throwing net      ||     2
    Use: Scroll            ||     6
         Potion            ||     5
   Stab: Sleeping          ||     2
         Held in net/web   ||     1
 Armour: Leather armour    ||     5
  Dodge: Dodged            ||    15

Table legend: (Time is in decaauts)
 A = Elapsed time spent in this place.
 B = Non-inter-level travel time spent in this place.
 C = Inter-level travel time spent in this place.
 D = Time resting spent in this place.
 E = Time spent auto-exploring this place.
 F = Levels seen in this place.
 G = Mean time per level.
                   A        B        C        D        E       F      G
               +--------+--------+--------+--------+--------+-----+--------+
         Total |    867 |    824 |     43 |      0 |    675 |   2 |  433.5 |
       Dungeon |    867 |    824 |     43 |      0 |    675 |   2 |  433.5 |
               +--------+--------+--------+--------+--------+-----+--------+

Top non-repeatable levels by time:
     D:1: 621 daAuts
     D:2: 245 daAuts
